General information
- name: BNet
- type: Ladder team game (AT/RT)
- host: Battle.net
- saver: bLinn
map: Cherryville
- players: 8
- length: 34:46
- speed: Fast
- version: 1.22 W3XP
- replay type:

» download(308 KB)
Players
team 1 (loser)
Chim_Rush (
teal | 45 APM | 1577 actions | 34:44)
6 Demon Hunter
3 Mana Burn
2 Evasion
1 Metamorphosis
» actions
| Assign group hotkey | 76 | |
| Basic commands | 46 | |
| Build / train | 57 | |
| ESC pressed | 4 | |
| Enter build submenu | 21 | |
| Enter hero's abilities submenu | 6 | |
| Give item / drop item | 4 | |
| Right click | 667 | |
| Select / deselect | 276 | |
| Select group hotkey | 331 | |
| Use ability | 89 | |
1577 total
» units
» upgrades
| Strength of the Wild | 3 | |
| Reinforced Hides | 3 | |
| Corrosive Breath | 1 | |
7 total
» buildings
| Altar of Elders | 1 | |
| Moon Well | 9 | |
| Tree of Ages | 1 | |
| Hunter's Hall | 1 | |
| Ancient of Wonders | 1 | |
| Tree of Eternity | 2 | |
| Ancient of Wind | 1 | |
| Chimaera Roost | 5 | |
| Tree of Life | 3 | |
24 total
» build order
00:06 Altar of Elders
00:08 Moon Well
04:08 Tree of Ages
04:11 Hunter's Hall
05:20 Moon Well
05:59 Moon Well
06:00 Moon Well
06:26 Ancient of Wonders
06:30 Tree of Eternity
06:30 Tree of Eternity
06:58 Ancient of Wind
08:18 Moon Well
08:58 Chimaera Roost
09:05 Chimaera Roost
09:07 Chimaera Roost
09:09 Chimaera Roost
09:11 Chimaera Roost
09:13 Moon Well
10:23 Moon Well
10:39 Tree of Life
11:20 Moon Well
11:21 Moon Well
25:18 Tree of Life
34:38 Tree of Life
» items
| Orb of Venom | 1 | |
| Boots of Speed | 1 | |
| Staff of Teleportation | 1 | |
| Potion of Lesser Invulnerability | 1 | |
| Potion of Healing | 3 | |
| Potion of Mana | 1 | |
| Scroll of Town Portal | 6 | |
| Dust of Appearance | 1 | |
15 total
SeeKer- (
purple | 75 APM | 2248 actions | 29:54)
5 Tauren Chieftain
3 Endurance Aura
2 War Stomp
4 Shadow Hunter
2 Hex
2 Healing Wave
» actions
| Assign group hotkey | 38 | |
| Basic commands | 205 | |
| Build / train | 80 | |
| ESC pressed | 8 | |
| Enter build submenu | 29 | |
| Enter hero's abilities submenu | 9 | |
| Give item / drop item | 3 | |
| Right click | 723 | |
| Select / deselect | 509 | |
| Select group hotkey | 465 | |
| Use ability | 179 | |
2248 total
» units
| Peon | 10 | |
| Wind Rider | 9 | |
| Raider | 5 | |
| Troll Batrider | 11 | |
| Spirit Walker | 3 | |
| Shaman | 4 | |
| Tauren | 2 | |
44 total
» upgrades
| Envenomed Spears | 1 | |
| Ensnare | 1 | |
| Pillage | 1 | |
| Spirit Walker Training | 2 | |
| Shaman Training | 2 | |
| Armor | 1 | |
| Melee Weapons | 1 | |
| Liquid Fire | 1 | |
| Ranged Weapons | 1 | |
11 total
» buildings
| Stronghold | 1 | |
| Orc Burrow | 14 | |
| Altar of Storms | 1 | |
| Voodoo Lounge | 1 | |
| Beastiary | 6 | |
| Fortress | 1 | |
| War Mill | 1 | |
| Spirit Lodge | 2 | |
| Tauren Totem | 2 | |
| Great Hall | 1 | |
30 total
» build order
00:21 Stronghold
00:31 Orc Burrow
00:33 Orc Burrow
00:37 Orc Burrow
00:39 Orc Burrow
00:39 Orc Burrow
00:41 Orc Burrow
00:44 Orc Burrow
00:54 Orc Burrow
00:56 Orc Burrow
01:27 Altar of Storms
01:29 Orc Burrow
01:31 Orc Burrow
01:36 Voodoo Lounge
01:42 Orc Burrow
02:48 Beastiary
02:49 Beastiary
02:51 Beastiary
02:53 Beastiary
02:56 Beastiary
02:57 Beastiary
03:05 Fortress
03:40 War Mill
03:44 Orc Burrow
09:25 Spirit Lodge
09:25 Spirit Lodge
12:18 Tauren Totem
12:18 Tauren Totem
21:14 Great Hall
22:05 Orc Burrow
» items
| Healing Salve | 2 | |
| Scroll of Town Portal | 5 | |
| Orb of Lightning | 1 | |
| Scroll of Healing | 2 | |
| Dust of Appearance | 1 | |
| Scroll of Protection | 1 | |
12 total
the-noob-pwner (
blue | 61 APM | 2124 actions | 34:38)
4 Blademaster
2 Wind Walk
2 Critical Strike
» actions
| Assign group hotkey | 8 | |
| Basic commands | 117 | |
| Build / train | 58 | |
| Enter build submenu | 4 | |
| Enter hero's abilities submenu | 4 | |
| Right click | 905 | |
| Select / deselect | 386 | |
| Select group hotkey | 553 | |
| Use ability | 89 | |
2124 total
» units
» buildings
| Altar of Storms | 1 | |
| Orc Burrow | 2 | |
3 total
» build order
00:09 Altar of Storms
00:11 Orc Burrow
31:34 Orc Burrow
» items
| Lesser Clarity Potion | 4 | |
| Healing Salve | 2 | |
| Tiny Great Hall | 4 | |
| Scroll of Town Portal | 4 | |
| Orb of Lightning | 1 | |
| Boots of Speed | 1 | |
16 total
treewick (
yellow | 51 APM | 1537 actions | 30:23)
4 Demon Hunter
2 Mana Burn
1 Immolation
1 Evasion
» actions
| Assign group hotkey | 1 | |
| Basic commands | 12 | |
| Build / train | 35 | |
| Enter build submenu | 3 | |
| Enter hero's abilities submenu | 4 | |
| Give item / drop item | 4 | |
| Remove unit from queue | 5 | |
| Right click | 1091 | |
| Select / deselect | 308 | |
| Select group hotkey | 17 | |
| Use ability | 53 | |
1537 total
» units
» buildings
| Altar of Elders | 1 | |
| Moon Well | 1 | |
| Tree of Life | 1 | |
3 total
» build order
00:06 Altar of Elders
00:09 Moon Well
10:10 Tree of Life
» items
| Orb of Venom | 1 | |
| Orb of Lightning | 1 | |
2 total
team 2 (winner)
bLinn (
orange | 93 APM | 3220 actions | 34:46)
6 Blademaster
3 Wind Walk
2 Critical Strike
1 Bladestorm
» actions
| Assign group hotkey | 151 | |
| Basic commands | 3 | |
| Build / train | 78 | |
| Enter build submenu | 25 | |
| Enter hero's abilities submenu | 6 | |
| Give item / drop item | 8 | |
| Right click | 1935 | |
| Select / deselect | 378 | |
| Select group hotkey | 358 | |
| Use ability | 276 | |
3220 total
» units
» upgrades
| Spiked Barricades | 1 | |
| Liquid Fire | 1 | |
| Reinforced Defenses | 1 | |
| Ranged Weapons | 1 | |
4 total
» buildings
| Altar of Storms | 1 | |
| Orc Burrow | 5 | |
| War Mill | 3 | |
| Voodoo Lounge | 1 | |
| Watch Tower | 10 | |
| Stronghold | 3 | |
| Beastiary | 2 | |
| Fortress | 2 | |
27 total
» build order
00:01 Altar of Storms
00:10 Orc Burrow
00:33 War Mill
00:36 War Mill
00:47 War Mill
01:37 Voodoo Lounge
02:00 Watch Tower
02:23 Watch Tower
02:45 Orc Burrow
03:03 Watch Tower
03:29 Watch Tower
03:33 Watch Tower
04:28 Stronghold
04:28 Stronghold
04:28 Stronghold
04:57 Watch Tower
04:59 Watch Tower
05:55 Watch Tower
05:56 Watch Tower
06:03 Watch Tower
06:50 Beastiary
06:54 Beastiary
06:57 Orc Burrow
07:14 Fortress
07:14 Fortress
09:40 Orc Burrow
25:19 Orc Burrow
» items
| Healing Salve | 4 | |
| Lesser Clarity Potion | 6 | |
| Scroll of Speed | 1 | |
| Boots of Speed | 1 | |
| Staff of Teleportation | 1 | |
| Orb of Lightning | 1 | |
| Scroll of Town Portal | 1 | |
15 total
iggy_the_fisk (
pink | 83 APM | 2886 actions | 34:45)
4 Archmage
2 Blizzard
2 Brilliance Aura
4 Mountain King
2 Storm Bolt
2 Bash
» actions
| Assign group hotkey | 239 | |
| Basic commands | 47 | |
| Build / train | 187 | |
| Enter build submenu | 128 | |
| Enter hero's abilities submenu | 11 | |
| Give item / drop item | 3 | |
| Remove unit from queue | 1 | |
| Right click | 1112 | |
| Select / deselect | 512 | |
| Select group hotkey | 441 | |
| Use ability | 205 | |
2886 total
» units
| Peasant | 50 | |
| Dragonhawk Rider | 3 | |
53 total
» upgrades
| Masonry | 3 | |
| Lumber Harvesting | 2 | |
| Magic Sentry | 1 | |
| Swords | 2 | |
| Armor | 1 | |
| Animal War Training | 1 | |
| Sorceress Training | 1 | |
11 total
» buildings
| Altar of Kings | 1 | |
| Lumber Mill | 3 | |
| Farm | 4 | |
| Scout Tower | 108 | |
| Guard Tower | 87 | |
| Arcane Tower | 7 | |
| Keep | 1 | |
| Town Hall | 2 | |
| Castle | 1 | |
| Arcane Sanctum | 1 | |
| Gryphon Aviary | 1 | |
| Arcane Vault | 3 | |
| Blacksmith | 1 | |
| Barracks | 1 | |
221 total
» build order
00:04 Altar of Kings
00:19 Lumber Mill
00:22 Lumber Mill
00:28 Farm
01:02 Farm
01:51 Scout Tower
02:11 Scout Tower
02:20 Guard Tower
02:23 Scout Tower
02:30 Scout Tower
02:37 Arcane Tower
02:37 Arcane Tower
02:38 Arcane Tower
02:38 Arcane Tower
02:53 Guard Tower
02:54 Scout Tower
03:06 Arcane Tower
03:06 Guard Tower
03:06 Guard Tower
03:08 Scout Tower
03:20 Farm
03:24 Guard Tower
03:26 Scout Tower
03:33 Scout Tower
03:34 Scout Tower
03:34 Scout Tower
03:41 Guard Tower
04:10 Scout Tower
04:11 Scout Tower
04:14 Guard Tower
04:16 Scout Tower
04:21 Guard Tower
04:23 Scout Tower
04:24 Scout Tower
04:30 Guard Tower
04:42 Guard Tower
04:43 Guard Tower
04:53 Guard Tower
04:57 Guard Tower
04:57 Guard Tower
04:57 Guard Tower
05:00 Scout Tower
05:07 Guard Tower
05:29 Scout Tower
05:51 Scout Tower
05:51 Keep
05:59 Scout Tower
06:11 Scout Tower
06:14 Scout Tower
06:28 Guard Tower
06:51 Guard Tower
06:51 Guard Tower
06:51 Guard Tower
07:10 Scout Tower
07:22 Scout Tower
07:32 Scout Tower
07:39 Scout Tower
07:39 Guard Tower
07:48 Scout Tower
07:54 Town Hall
08:11 Guard Tower
08:12 Guard Tower
08:14 Scout Tower
08:31 Guard Tower
08:41 Guard Tower
08:42 Scout Tower
09:00 Arcane Tower
09:07 Scout Tower
09:11 Guard Tower
09:13 Scout Tower
09:27 Farm
09:40 Guard Tower
09:41 Guard Tower
09:41 Guard Tower
09:42 Scout Tower
09:45 Guard Tower
09:45 Guard Tower
09:46 Guard Tower
09:46 Guard Tower
09:49 Scout Tower
10:11 Guard Tower
10:13 Scout Tower
10:18 Guard Tower
10:22 Guard Tower
10:25 Scout Tower
11:10 Town Hall
11:40 Guard Tower
11:41 Scout Tower
11:42 Scout Tower
11:44 Scout Tower
11:50 Castle
12:09 Guard Tower
12:11 Scout Tower
12:15 Scout Tower
12:30 Arcane Sanctum
12:44 Guard Tower
12:45 Scout Tower
12:47 Scout Tower
13:14 Guard Tower
13:17 Scout Tower
13:19 Scout Tower
13:28 Guard Tower
13:49 Scout Tower
14:00 Scout Tower
14:03 Guard Tower
14:05 Scout Tower
14:06 Scout Tower
14:23 Gryphon Aviary
14:31 Guard Tower
14:31 Guard Tower
14:31 Guard Tower
14:33 Scout Tower
14:34 Scout Tower
14:35 Guard Tower
14:36 Scout Tower
14:46 Guard Tower
14:57 Lumber Mill
15:17 Scout Tower
15:18 Scout Tower
15:19 Guard Tower
15:30 Guard Tower
15:32 Scout Tower
15:35 Scout Tower
15:45 Arcane Vault
15:52 Blacksmith
15:54 Guard Tower
16:31 Guard Tower
16:32 Scout Tower
16:33 Scout Tower
16:46 Guard Tower
16:47 Scout Tower
16:49 Scout Tower
17:00 Scout Tower
17:01 Scout Tower
17:02 Scout Tower
17:03 Scout Tower
17:04 Scout Tower
17:05 Scout Tower
17:05 Scout Tower
17:06 Scout Tower
17:20 Barracks
17:29 Guard Tower
17:31 Scout Tower
17:32 Scout Tower
17:34 Arcane Vault
17:42 Guard Tower
17:44 Scout Tower
17:45 Scout Tower
18:05 Guard Tower
18:13 Guard Tower
18:33 Scout Tower
18:35 Guard Tower
18:44 Scout Tower
18:50 Scout Tower
21:50 Guard Tower
21:52 Scout Tower
21:53 Guard Tower
22:27 Guard Tower
22:28 Scout Tower
23:18 Guard Tower
23:20 Scout Tower
23:34 Scout Tower
23:35 Guard Tower
23:38 Scout Tower
23:39 Scout Tower
24:19 Guard Tower
24:20 Scout Tower
24:58 Guard Tower
25:11 Scout Tower
25:51 Guard Tower
25:56 Scout Tower
25:58 Scout Tower
26:02 Scout Tower
26:04 Guard Tower
26:05 Scout Tower
26:08 Scout Tower
26:09 Scout Tower
26:09 Scout Tower
26:36 Guard Tower
26:38 Arcane Tower
26:43 Guard Tower
26:47 Scout Tower
28:12 Guard Tower
28:14 Scout Tower
28:21 Guard Tower
28:22 Scout Tower
28:25 Scout Tower
28:37 Guard Tower
28:41 Scout Tower
28:48 Guard Tower
28:49 Guard Tower
28:52 Scout Tower
28:53 Scout Tower
28:59 Guard Tower
29:01 Scout Tower
29:27 Scout Tower
29:28 Scout Tower
29:30 Guard Tower
29:33 Arcane Vault
29:34 Guard Tower
29:59 Guard Tower
30:00 Scout Tower
30:23 Guard Tower
30:26 Scout Tower
30:29 Guard Tower
32:19 Scout Tower
32:22 Scout Tower
32:24 Scout Tower
33:29 Scout Tower
33:33 Guard Tower
33:35 Scout Tower
33:37 Guard Tower
33:38 Scout Tower
33:41 Scout Tower
33:41 Scout Tower
34:23 Guard Tower
34:23 Guard Tower
34:24 Guard Tower
» items
| Healing Salve | 2 | |
| Boots of Speed | 1 | |
| Staff of Teleportation | 1 | |
| Circlet of Nobility | 1 | |
| Periapt of Vitality | 1 | |
| Scroll of Town Portal | 3 | |
| Scroll of Regeneration | 2 | |
| Staff of Sanctuary | 1 | |
| Orb of Lightning | 1 | |
13 total
Mata. (
green | 95 APM | 3286 actions | 34:45)
4 Archmage
2 Blizzard
2 Brilliance Aura
5 Mountain King
3 Storm Bolt
2 Bash
» actions
| Assign group hotkey | 389 | |
| Basic commands | 54 | |
| Build / train | 321 | |
| ESC pressed | 1 | |
| Enter build submenu | 93 | |
| Enter hero's abilities submenu | 8 | |
| Remove unit from queue | 3 | |
| Right click | 1113 | |
| Select / deselect | 841 | |
| Select group hotkey | 257 | |
| Use ability | 205 | |
3286 total
» units
| Peasant | 39 | |
| Priest | 3 | |
| Dragonhawk Rider | 8 | |
| Gryphon Rider | 3 | |
53 total
» upgrades
| Masonry | 3 | |
| Lumber Harvesting | 2 | |
| Magic Sentry | 1 | |
| Priest Training | 2 | |
| Armor | 3 | |
| Cloud | 1 | |
| Animal War Training | 1 | |
| Swords | 1 | |
| Storm Hammers | 1 | |
15 total
» buildings
| Altar of Kings | 1 | |
| Farm | 11 | |
| Lumber Mill | 1 | |
| Scout Tower | 101 | |
| Arcane Tower | 3 | |
| Guard Tower | 210 | |
| Keep | 2 | |
| Arcane Vault | 1 | |
| Town Hall | 3 | |
| Arcane Sanctum | 1 | |
| Gryphon Aviary | 3 | |
| Castle | 1 | |
| Barracks | 1 | |
| Blacksmith | 1 | |
340 total
» build order
00:05 Altar of Kings
00:19 Farm
00:24 Lumber Mill
01:10 Scout Tower
01:19 Scout Tower
01:36 Farm
01:56 Arcane Tower
01:56 Arcane Tower
01:56 Arcane Tower
02:17 Guard Tower
02:17 Guard Tower
02:18 Guard Tower
02:53 Scout Tower
02:54 Scout Tower
02:56 Scout Tower
02:57 Scout Tower
03:15 Scout Tower
03:20 Guard Tower
03:20 Guard Tower
03:21 Guard Tower
03:21 Guard Tower
03:21 Guard Tower
03:22 Guard Tower
03:28 Guard Tower
03:28 Guard Tower
03:28 Guard Tower
03:39 Guard Tower
03:57 Scout Tower
03:59 Scout Tower
04:06 Guard Tower
04:06 Guard Tower
04:06 Guard Tower
04:07 Scout Tower
04:16 Scout Tower
04:22 Scout Tower
04:23 Scout Tower
04:25 Farm
04:28 Guard Tower
04:29 Guard Tower
04:41 Guard Tower
04:41 Guard Tower
04:56 Guard Tower
04:56 Guard Tower
04:57 Guard Tower
05:22 Guard Tower
05:22 Guard Tower
05:31 Scout Tower
05:34 Scout Tower
05:36 Scout Tower
05:41 Scout Tower
05:41 Scout Tower
06:02 Guard Tower
06:02 Guard Tower
06:04 Scout Tower
06:22 Guard Tower
06:23 Guard Tower
06:38 Guard Tower
06:39 Guard Tower
06:42 Guard Tower
06:43 Guard Tower
06:43 Guard Tower
06:45 Keep
06:46 Keep
06:50 Guard Tower
06:51 Guard Tower
07:14 Scout Tower
07:14 Scout Tower
07:20 Scout Tower
07:20 Scout Tower
07:22 Scout Tower
07:32 Arcane Vault
07:44 Guard Tower
07:44 Guard Tower
07:45 Guard Tower
08:06 Guard Tower
08:06 Guard Tower
08:10 Scout Tower
08:11 Scout Tower
08:15 Scout Tower
08:18 Scout Tower
08:19 Scout Tower
08:20 Scout Tower
08:25 Guard Tower
08:26 Guard Tower
08:44 Guard Tower
08:46 Scout Tower
08:48 Scout Tower
08:54 Guard Tower
08:54 Guard Tower
09:10 Guard Tower
09:10 Guard Tower
09:22 Guard Tower
09:22 Guard Tower
09:22 Guard Tower
09:26 Guard Tower
09:26 Guard Tower
09:27 Guard Tower
09:33 Guard Tower
09:34 Guard Tower
09:34 Guard Tower
09:53 Guard Tower
09:53 Guard Tower
09:54 Guard Tower
09:54 Guard Tower
10:43 Town Hall
10:49 Scout Tower
10:50 Scout Tower
10:50 Scout Tower
10:53 Scout Tower
10:59 Guard Tower
10:59 Guard Tower
11:10 Scout Tower
11:14 Arcane Sanctum
11:38 Guard Tower
11:39 Guard Tower
11:39 Guard Tower
11:59 Guard Tower
11:59 Guard Tower
12:33 Guard Tower
12:33 Guard Tower
13:18 Scout Tower
13:18 Scout Tower
13:35 Gryphon Aviary
14:03 Guard Tower
14:03 Guard Tower
14:04 Guard Tower
14:07 Scout Tower
14:08 Scout Tower
14:09 Scout Tower
14:14 Guard Tower
14:15 Guard Tower
14:19 Castle
14:38 Scout Tower
15:07 Guard Tower
15:08 Guard Tower
15:18 Guard Tower
15:19 Scout Tower
15:21 Scout Tower
15:22 Scout Tower
15:24 Scout Tower
15:52 Guard Tower
15:52 Guard Tower
16:21 Farm
16:21 Farm
16:25 Guard Tower
16:25 Guard Tower
16:25 Guard Tower
16:26 Guard Tower
16:51 Guard Tower
17:15 Scout Tower
17:15 Scout Tower
17:16 Scout Tower
17:47 Guard Tower
17:48 Guard Tower
17:48 Guard Tower
18:03 Scout Tower
18:04 Scout Tower
18:05 Scout Tower
18:06 Scout Tower
18:07 Scout Tower
18:10 Guard Tower
18:11 Guard Tower
18:39 Guard Tower
18:39 Guard Tower
18:45 Barracks
18:53 Guard Tower
18:53 Guard Tower
18:54 Guard Tower
18:54 Guard Tower
18:54 Guard Tower
18:55 Guard Tower
19:23 Farm
19:25 Farm
19:26 Farm
19:30 Gryphon Aviary
19:32 Gryphon Aviary
21:04 Guard Tower
21:06 Scout Tower
21:07 Scout Tower
21:08 Scout Tower
21:09 Scout Tower
21:10 Scout Tower
21:10 Scout Tower
21:12 Scout Tower
21:12 Scout Tower
21:20 Blacksmith
21:37 Guard Tower
21:49 Scout Tower
21:51 Scout Tower
21:55 Scout Tower
21:56 Scout Tower
25:30 Farm
26:03 Guard Tower
26:47 Scout Tower
26:49 Scout Tower
26:51 Scout Tower
26:52 Scout Tower
26:53 Scout Tower
27:14 Scout Tower
27:16 Scout Tower
27:19 Scout Tower
27:21 Scout Tower
27:22 Scout Tower
27:23 Guard Tower
27:23 Guard Tower
27:23 Guard Tower
27:26 Guard Tower
27:28 Guard Tower
27:28 Guard Tower
27:42 Guard Tower
27:42 Guard Tower
27:42 Guard Tower
27:52 Town Hall
27:53 Guard Tower
27:53 Guard Tower
28:04 Guard Tower
28:04 Guard Tower
28:05 Guard Tower
28:08 Guard Tower
28:08 Guard Tower
28:10 Scout Tower
28:11 Scout Tower
28:13 Scout Tower
28:15 Scout Tower
28:22 Guard Tower
28:22 Guard Tower
28:50 Scout Tower
28:51 Scout Tower
28:52 Guard Tower
28:52 Guard Tower
28:52 Guard Tower
28:53 Guard Tower
29:19 Scout Tower
29:20 Scout Tower
29:21 Scout Tower
29:22 Scout Tower
29:28 Guard Tower
29:28 Guard Tower
29:33 Scout Tower
29:34 Scout Tower
29:35 Scout Tower
29:51 Guard Tower
29:51 Guard Tower
30:10 Guard Tower
30:10 Guard Tower
30:11 Guard Tower
30:15 Guard Tower
30:16 Guard Tower
30:16 Guard Tower
30:43 Guard Tower
30:43 Guard Tower
31:04 Farm
31:06 Farm
31:33 Scout Tower
31:34 Scout Tower
31:35 Scout Tower
31:36 Scout Tower
31:37 Scout Tower
31:38 Scout Tower
32:01 Guard Tower
32:02 Guard Tower
32:02 Guard Tower
32:02 Guard Tower
32:02 Guard Tower
32:03 Guard Tower
32:04 Scout Tower
32:04 Scout Tower
32:05 Scout Tower
32:05 Scout Tower
32:08 Scout Tower
32:09 Guard Tower
32:09 Guard Tower
33:15 Guard Tower
33:15 Guard Tower
33:24 Town Hall
» items
| Scroll of Regeneration | 1 | |
| Scroll of Town Portal | 1 | |
| Staff of Sanctuary | 1 | |
3 total

»
TIMG4STRok (
red | 129 APM | 4487 actions | 34:45)
6 Death Knight
3 Death Coil
3 Unholy Aura
5 Lich
3 Frost Nova
1 Frost Armor
1 Death and Decay
» actions
| Assign group hotkey | 31 | |
| Basic commands | 148 | |
| Build / train | 85 | |
| ESC pressed | 4 | |
| Enter build submenu | 23 | |
| Enter hero's abilities submenu | 11 | |
| Give item / drop item | 5 | |
| Right click | 1768 | |
| Select / deselect | 366 | |
| Select group hotkey | 1928 | |
| Use ability | 118 | |
4487 total
» units
| Acolyte | 11 | |
| Ghoul | 2 | |
| Crypt Fiend | 18 | |
| Frost Wyrm | 4 | |
35 total
» upgrades
| Web | 1 | |
| Burrow | 1 | |
| Creature Attack | 4 | |
| Creature Carapace | 3 | |
| Freezing Breath | 1 | |
10 total
» buildings
| Graveyard | 1 | |
| Crypt | 1 | |
| Ziggurat | 7 | |
| Altar of Darkness | 1 | |
| Tomb of Relics | 1 | |
| Halls of the Dead | 1 | |
| Spirit Tower | 6 | |
| Necropolis | 2 | |
| Black Citadel | 1 | |
| Sacrificial Pit | 1 | |
| Boneyard | 2 | |
| Nerubian Tower | 1 | |
25 total
» build order
00:07 Graveyard
00:09 Crypt
00:27 Ziggurat
01:01 Altar of Darkness
01:53 Ziggurat
02:54 Tomb of Relics
03:56 Halls of the Dead
04:26 Spirit Tower
04:44 Spirit Tower
05:07 Ziggurat
05:08 Ziggurat
06:03 Spirit Tower
06:05 Spirit Tower
09:47 Necropolis
12:30 Black Citadel
12:38 Necropolis
13:45 Sacrificial Pit
14:42 Ziggurat
14:44 Ziggurat
15:04 Boneyard
15:36 Boneyard
16:17 Nerubian Tower
16:18 Spirit Tower
16:20 Ziggurat
18:03 Spirit Tower
» items
| Rod of Necromancy | 1 | |
| Potion of Healing | 3 | |
| Dust of Appearance | 1 | |
| Sacrificial Skull | 1 | |
| Orb of Corruption | 2 | |
| Scroll of Town Portal | 8 | |
| Boots of Speed | 1 | |
17 total
Chat log
(00:31 / All) TIMG4STRok: hodl on please
(00:31 / All) TIMG4STRok: one sec
(00:32 / All) treewick: fuck u
(00:32 / All) TIMG4STRok: ty
(00:35 / All) TIMG4STRok: thank's
(00:37 / All) the-noob-pwner: np
(00:37 / All) treewick: NP
(00:47 / All) treewick: u anal cunt
(00:48 / All) TIMG4STRok: thank's you
(01:00 / All) Chim_Rush: gotta turn them hacks on
(01:40 / Allies) TIMG4STRok: brb hold
(01:42 / All) TIMG4STRok: brb hold on plz
(01:46 / All) treewick: fuck u
(01:49 / All) TIMG4STRok: one sec thank's
(01:50 / All) SeeKer-: u guys
(01:51 / All) SeeKer-: stink
(01:53 / All) SeeKer-: justleave
(01:54 / All) treewick: u anal me
(01:59 / All) SeeKer-: hey
(02:02 / All) treewick: thank you
(02:04 / All) SeeKer-: wind riders
(02:05 / All) TIMG4STRok: hey hold on please
(02:06 / All) SeeKer-: then
(02:08 / All) SeeKer-: we are getting chims
(02:11 / All) Chim_Rush: yep
(02:12 / All) SeeKer-: with an elf
(02:13 / All) Chim_Rush: so get aa
(02:15 / All) SeeKer-: and we are going
(02:17 / All) SeeKer-: mk dh dh
(02:19 / All) SeeKer-: to harras
(03:15 / All) SeeKer-: green
(03:17 / All) SeeKer-: the orcs and humans
(03:18 / All) SeeKer-: are top
(03:22 / All) SeeKer-: yellow is next base over
(03:24 / All) SeeKer-: heck
(03:27 / All) SeeKer-: u might as well mh
(03:28 / All) SeeKer-: cuz u need it
(03:31 / All) Chim_Rush: lol
(04:43 / All) Chim_Rush: fuck off my sacred grove please!
(05:06 / All) SeeKer-: im hitting u
(05:09 / All) SeeKer-: top base
(05:25 / All) Chim_Rush: PrOtO
(07:39 / All) Chim_Rush: more towers please
(07:42 / All) Chim_Rush: the chims like the expo
(07:43 / All) iggy_the_fisk: done
(07:44 / All) bLinn: watch your tc
(07:55 / All) Chim_Rush: he was
(07:59 / All) Chim_Rush: thanks for telling him
(08:01 / All) bLinn: np
(08:04 / All) Chim_Rush: your in a bad place to tell us what to do
(08:12 / All) treewick: yea u anal cunt
(11:20 / All) SeeKer-: ur noob
(11:21 / All) SeeKer-: Lol
(12:21 / All) iggy_the_fisk: a wise plan
(12:26 / All) bLinn: look at all these units you're losing
(13:51 / All) Chim_Rush: brb
(15:52 / All) treewick: LOL
(19:00 / All) treewick: LOL
(21:26 / All) treewick: LOL
(21:28 / All) TIMG4STRok: yesus
(22:25 / Allies) TIMG4STRok: lum
(23:10 / All) bLinn: lol this must be embarrassing for you after talking so much shit
(23:16 / All) Chim_Rush: Were losing?
(23:17 / All) treewick: i didnt say anything
(23:18 / All) treewick: cunt
(23:21 / All) Mata.: you're not losing.. you already lost
(23:22 / All) Mata.: gg
(23:26 / All) the-noob-pwner: mass tower good job
(23:31 / All) Mata.: lmao
(23:32 / All) bLinn: losing to mass tower... better job?
(23:34 / All) treewick: fuck u baracading cunts
(23:39 / All) treewick: pussy ass nigers
(23:39 / All) Mata.: haha
(23:41 / All) Mata.: hahahahaha
(23:50 / All) Mata.: i love owning little noobs that think they can talk shit
(25:25 / All) Mata.: lol
(25:40 / All) Mata.: lol
(25:41 / All) bLinn: lol...
(25:50 / All) Mata.: haha
(25:55 / All) Mata.: so noobs think they can play with the big league
(26:00 / All) Mata.: but they start talking shit too early
(26:07 / All) TIMG4STRok: do you guys think you are shitty clan bzrk circa 2005 or some shit
(26:43 / All) Mata.: so hopefully this game taught you some manners?
(26:52 / All) bLinn: can't teach a big noob manners
(26:56 / All) iggy_the_fisk: ty for your honesty in the beginning
(27:06 / All) TIMG4STRok: R0OL
(27:07 / All) TIMG4STRok: ROLF
(27:35 / All) TIMG4STRok: woops where u base go
(27:40 / All) TIMG4STRok: nope
(27:42 / All) TIMG4STRok: no tp for you
(27:58 / All) Mata.: thank you for giving me your expansions
(27:59 / All) bLinn: i hope these aren't your last peons... alol
(28:00 / All) TIMG4STRok: wisps yumyumyum
(28:01 / All) Mata.: but
(28:02 / All) TIMG4STRok: gimme dat exp
(28:46 / All) TIMG4STRok: cant repair frozen
(28:47 / All) TIMG4STRok: retard
(28:52 / All) TIMG4STRok: have you ever even played this game
(28:54 / All) bLinn: first time playing this game? lololol
(28:56 / All) treewick: |LOL
(29:11 / All) TIMG4STRok: damn....
(29:19 / All) TIMG4STRok: a fiend and a hero..........
(29:31 / All) TIMG4STRok: gg you guys win
(29:37 / All) TIMG4STRok: Complete Ownage
(29:38 / All) bLinn: hahahaha
(29:41 / All) bLinn: second time with the blade
(29:41 / All) bLinn: hahaha
(29:48 / All) TIMG4STRok: Yesus
(29:53 / All) TIMG4STRok: play campaign please
(29:54 / All) Mata.: yo third time's the charm?
(29:57 / All) bLinn: jahahahaha
(29:57 / All) TIMG4STRok: itll help out a lot
(29:58 / All) bLinn: quit faggots
(30:01 / All) bLinn: quit you shitnooob retartds
(30:03 / All) Mata.: follow him please
(30:06 / All) iggy_the_fisk: potion of invulnerability
(30:08 / All) Mata.: you can't win
(30:09 / All) Chim_Rush: nope
(30:10 / All) TIMG4STRok: buh bye
(30:10 / All) Chim_Rush: i would
(30:12 / All) TIMG4STRok: buh bye
(30:13 / All) TIMG4STRok: buh bye
(30:14 / All) TIMG4STRok: buh bye
(30:15 / All) Chim_Rush: but your going to have to kill every building
(30:15 / All) bLinn: shut up and quit
(30:15 / All) TIMG4STRok: buh bye
(30:16 / All) bLinn: shut up
(30:17 / All) TIMG4STRok: buh bye
(30:17 / All) iggy_the_fisk: pretty sweet if you want to runt hrough with a blade
(30:18 / All) bLinn: and quit
(30:20 / All) TIMG4STRok: buh bye
(30:21 / All) Mata.: lmao
(30:22 / All) Chim_Rush: squelched whole team
(30:22 / All) Mata.: yes stay
(30:24 / All) TIMG4STRok: LEAVE! and kiss my feet
(30:25 / All) bLinn: rofl
(30:25 / All) bLinn: rofl
(30:28 / All) Mata.: i enjoy every second
(30:31 / All) Mata.: of owning biggest noobs on bnet
(30:59 / All) TIMG4STRok: adios LOL
(31:05 / All) TIMG4STRok: lolé
(31:20 / All) Mata.: haha i wasnt paying attention
(31:22 / All) iggy_the_fisk: Someone call the OSNA (Ornithological Societies Of America) cause I just spotted the yugest birdnoobs you'll ever see
(31:35 / All) bLinn: jugest
(32:17 / All) bLinn: *builds 15 beastiares and talks shit* ya wassup lol
(32:33 / All) TIMG4STRok: WAZZZAAPPPP
(32:40 / All) Mata.: BOOM HEADSHOT
(32:59 / All) bLinn: so why are you faggots still playing
(33:19 / All) Mata.: why are you still playing warcraft 3?
(33:26 / All) bLinn: cant wait to check out your 15 apm when i upload this game to highper.ch
(34:10 / All) iggy_the_fisk: click the hero noob
(34:12 / All) Mata.: loooll